 Dungeon Crawl Stone Soup version 0.30-a0-390-g80c34de65d (webtiles) character file.

Game seed: 8689728179145185304

99578 Bnni the Impaler (level 16, -3/141 HPs)
             Began as a Formicid Fighter on Dec 4, 2022.
             Was a Follower of Yredelemnul.
             Killed by divine providence
             ... invoked by an orc high priest
              (7 damage)
             ... on level 2 of the Orcish Mines.
             The game lasted 00:47:29 (22960 turns).

Bnni the Impaler (Formicid Fighter)                Turns: 22960, Time: 00:47:30

Health: -3/141     AC: 24    Str: 27    XL:     16   Next: 76%
Magic:  22/27      EV:  7    Int: 10    God:    Yredelemnul [*.....]
Gold:   3345       SH: 12    Dex: 13    Spells: 12/15 levels left

rFire   . . .      SeeInvis +    t - +7 bardiche (flame)
rCold   . . .      Faith    +    C - +0 kite shield
rNeg    . . .      Spirit   .    T - +8 chain mail "Jomn" {rPois}
rPois   +          Reflect  .    (helmet unavailable)
rElec   .          Harm     .    M - +0 cloak {rPois}
rCorr   .          Rampage  .    P - +0 pair of gloves
Will    +....                    (no boots)
Stlth   ..........               W - amulet of faith
HPRegen 0.43/turn                i - +4 ring of slaying
MPRegen 0.20/turn                V - +4 ring of protection

@: studying 2 skills
A: permanent stasis, dig shafts and tunnels, antennae 3, four strong arms
a: Dig, Shaft Self, Renounce Religion, Recall Undead Harvest


You were on level 2 of the Orcish Mines.
You worshipped Yredelemnul.
Yredelemnul was pleased with you.
You visited 4 branches of the dungeon, and saw 23 of its levels.

You collected 5668 gold pieces.
You spent 2323 gold pieces at shops.

Inventory:

Hand Weapons
 g - a +1 halberd of flaming
 t - a +7 bardiche of flaming (weapon)
Missiles
 m - 34 boomerangs
 w - 2 throwing nets
 I - 39 poisoned darts
 L - a curare-tipped dart
 O - 5 silver javelins
 Q - 9 javelins
Armour
 j - a +0 tower shield
 C - a +0 kite shield (worn)
 M - a +0 cloak of poison resistance (worn)
 P - a +0 pair of gloves (worn)
 T - the +8 chain mail "Jomn" (worn) {rPois}
   (You found it on level 14 of the Dungeon)

   rPois:     It protects you from poison.
Jewellery
 f - a ring of positive energy
 i - a +4 ring of slaying (left hand)
 p - a ring of poison resistance
 v - a ring of protection from cold
 y - a ring of protection from fire
 V - a +4 ring of protection (right hand)
 W - an amulet of faith (around neck)
 Y - a ring of resist corrosion
Wands
 a - a wand of light (27)
 q - a wand of paralysis (31)
 s - a wand of polymorph (16)
 u - a wand of flame (14)
 K - a wand of roots (31)
 X - a wand of mindburst (5)
Scrolls
 b - a scroll of amnesia
 c - 3 scrolls of poison
 e - 3 scrolls of enchant armour
 h - 9 scrolls of magic mapping
 l - 3 scrolls of fog
 r - 2 scrolls of fear
 G - 4 scrolls of immolation
 H - a scroll of silence
Potions
 d - 4 potions of might
 k - 7 potions of lignification
 n - 3 potions of mutation
 z - 4 potions of heal wounds
 A - 4 potions of resistance
 D - 3 potions of magic
 E - 5 potions of ambrosia
 F - 3 potions of flight
 J - 2 potions of cancellation
 R - 7 potions of curing
 S - 3 potions of invisibility
 U - 7 potions of attraction
Miscellaneous
 o - a box of beasts
 N - a phantom mirror


   Skills:
 + Level 17.0 Fighting
 * Level 19.5 Polearms
 + Level 6.5 Armour
 * Level 12.9 Shields
 + Level 15.4 Invocations


You had 12 spell levels left.
You knew the following spells:

 Your Spells              Type           Power      Damage    Failure   Level
d - Vhi's Electric Charg  Tloc/Air       0%         N/A       100%        3

Your spell library contained the following spells:

 Spells                   Type           Power      Damage    Failure   Level
 Kiss of Death            Conj/Necr      0%         2d5       97%         1
 Magic Dart               Conj           0%         1d3       97%         1
 Sandblast                Erth           0%         2d4       97%         1
 Shock                    Conj/Air       0%         1d3       97%         1
 Slow                     Hex            0%         N/A       97%         1
 Passwall                 Tmut/Erth      0%         N/A       99%         2
 Scorch                   Fire           0%         2d5       99%         2
 Searing Ray              Conj           0%         2d4       99%         2
 Static Discharge         Conj/Air       0%         2-2/arc   99%         2
 Sublimation of Blood     Necr           0%         N/A       99%         2
 Wereblood                Tmut           0%         N/A       99%         2
 Confusing Touch          Hex            0%         N/A       100%        3
 Hailstorm                Conj/Ice       0%         3d3       100%        3
 Stone Arrow              Conj/Erth      0%         3d7       100%        3
 Tukima's Dance           Hex            0%         N/A       100%        3
 Vampiric Draining        Necr           0%         2d6       100%        3
 Airstrike                Air            0%         2d(0-16)  100%        4
 Dispel Undead            Necr           0%         3d6       100%        4
 Flame Wave               Conj/Fire      0%         2d4       100%        4
 Fulminant Prism          Conj/Hex       0%         3d5       100%        4
 Ice Form                 Ice/Tmut       0%         N/A       100%        4
 Passage of Golubria      Tloc           0%         N/A       100%        4
 Arcjolt                  Conj/Air       0%         1d10      100%        5
 Lightning Bolt           Conj/Air       0%         1d11      100%        5
 Yara's Violent Unravell  Hex/Tmut       0%         3d3       100%        5
 Summon Cactus Giant      Summ           0%         N/A       100%        6
 Summon Hydra             Summ           0%         N/A       100%        7
 Borgnjor's Revivificati  Necr           0%         N/A       100%        8
 Necromutation            Tmut/Necr      0%         N/A       100%        8
 Death's Door             Necr           0%         N/A       100%        9
 Swiftness                Air            Unusable   N/A       N/A         3
 Simulacrum               Ice/Necr       Unusable   N/A       N/A         6

Dungeon Overview and Level Annotations

Branches:
Dungeon (15/15)            Temple (1/1) D:4            Lair (5/5) D:11
 Shoals (0/4) Lair:2        Snake (0/4) Lair:3        Slime (0/5) Lair:4
    Orc (2/2) D:10         Vaults (0/5) D:14         Depths (0/4) D:15
    Elf: Orc:2

Altars:
Ashenzari
Cheibriados
Dithmenos
Elyvilon
Fedhas
Gozag
Hepliaklqana
Kikubaaqudgha
Makhleb
Nemelex Xobeh
Okawaru
Qazlal
Ru
Sif Muna
Trog
Uskayaw
Vehumet
Wu Jian
Xom
Yredelemnul
Zin
The Shining One
Jiyva

Shops:
D:3 ?   D:10 :   Orc:2 (

Portals:
Trove: D:15 (give 5 scrolls of fear)

Annotations:
Orc:2 Snorg


Innate Abilities, Weirdness & Mutations

You cannot be hasted, slowed, berserked, paralysed or teleported.
You can dig through walls and to a lower floor.
You have a pair of large antennae on your head. (SInv)
Your four strong arms can wield two-handed weapons with a shield.


Message History

Your bound goliath frog hits the sixfirhy but does no damage.
The soul eater hits your orc zombie!!
Your orc zombie is destroyed!
Something barely misses your bound goliath frog.
Snorg misses your bound goliath frog. Snorg claws your bound goliath frog.
Snorg claws your bound goliath frog but does no damage.
The orc warrior hits your bound goliath frog with a +0 trident.
The orc high priest hits you from afar with a +0 glaive!
* * * LOW HITPOINT WARNING * * *
Something barely misses your bound goliath frog.
Your bound goliath frog hits Snorg!
You block the hellwing's attack.
The hellwing hits you but does no damage.
You feel much better. The soul eater hits your ogre!
The orc warrior closely misses your bound goliath frog.
You block the orc high priest's attack.
Something misses your bound goliath frog.
Snorg closely misses your bound goliath frog.
Snorg barely misses your bound goliath frog.
Snorg claws your bound goliath frog!
Something closely misses your bound goliath frog.
You block the sixfirhy's attack.
Your bound goliath frog hits Snorg.
Your orc closely misses the soul eater.
Your ogre hits the sixfirhy with a +0 giant club!
Your orc warrior barely misses the hellwing.
You block the hellwing's attack. The hellwing hits you.
* * * LOW HITPOINT WARNING * * *
You block the sixfirhy's attack. The sixfirhy hits you!
* * * LOW HITPOINT WARNING * * *
The sixfirhy shocks you!
* * * LOW HITPOINT WARNING * * *
The sixfirhy hits you.
* * * LOW HITPOINT WARNING * * *
The sixfirhy shocks you!
* * * LOW HITPOINT WARNING * * *
The soul eater hits your ogre. Something hits your bound goliath frog!
Your bound goliath frog is destroyed!
The orc high priest calls down the wrath of Beogh upon you.
Beogh smites you!
You die...
Your body rises from the dead as a mindless zombie.

....... ... ....... .. .
......... .. .. .........
#..... .o.......##....
......o....#.# .
...$ooo.....# ..
...{o{###@o# .#.
...{{{{#34.# ##.... ######
#ooo).3oo###......
##..#.######TooOo##........
#.....ZZ## ###...#.........
##..#.ZZ.###.#.............
######{ZZ#................
##...................
##.#................


You could see Snorg, a soul eater (summoned, distracted), an orc high priest, a
hellwing (summoned, ally target), a sixfirhy (summoned, ally target), 4 orc
warriors, a friendly orc warrior (summoned), a friendly ogre (summoned) and 4
friendly orcs.

Vanquished Creatures
  Kirke (D:12)
  A minotaur (D:14)
  Josephine (D:14)
  3 hydras
  2 two-headed ogres
  A centaur warrior (D:13)
  A dancing weapon (D:14)
  5 boulder beetles
  3 death yaks (D:14)
  An orc high priest (Orc:2)
  An orc knight (Orc:2)
  A lindwurm (Lair:4)
  A wizard (D:15)
  14 ugly things
  3 wolf spiders
  7 cyclopes
  A deep elf pyromancer (D:13)
  2 orc sorcerers
  2 manticores
  A slime creature (D:15)
  7 black mambas
  5 elephants
  A merfolk siren (Lair:2)
  Maurice (D:8)
  A gargoyle (D:12)
  11 cane toads
  Maggie (D:7)
  8 rime drakes
  An unseen horror (D:11)
  7 komodo dragons
  7 yaktaurs (D:14)
  2 meliai (D:15)
  A queen bee (D:15)
  2 trolls
  2 tyrant leeches (Lair:5)
  A hornet (Lair:2)
  A tarantella (shapeshifter) (D:13)
  10 blink frogs
  6 basilisks
  A water elemental (D:14)
  A centaur simulacrum (D:12)
  8 wyverns
  5 wraiths
  37 yaks
  A hog (D:12)
  A basilisk (shapeshifter) (D:15)
  A vampire mosquito (Lair:5)
  A warg (Orc:2)
  3 acid dragons
  10 water moccasins
  A black bear (D:6)
  2 ice beasts
  A sky beast (D:8)
  13 orc warriors
  2 ogres (Orc:1)
  19 wolves
  3 centaurs
  4 kobold brigands
  A phantom (D:5)
  12 bullfrogs
  2 scorpions (D:7)
  3 necrophages (D:5)
  4 wights (D:8)
  14 killer bees
  An electric eel (D:6)
  5 howler monkeys
  16 orc priests
  4 hounds
  A jelly (D:7)
  3 iguanas
  Jessica (D:3)
  13 orc wizards
  3 hell rats (Lair:4)
  14 gnolls
  13 adders
  2 shadow imps
  A white imp (D:6)
  3 ufetubi
  A worm (D:2)
  2 dart slugs
  72 orcs
  7 ball pythons
  7 bats
  8 endoplasms
  8 giant cockroaches
  8 goblins
  5 hobgoblins
  5 jackals
  A quokka (D:3)
  5 frilled lizards
  23 kobolds
  A rat (D:3)
510 creatures vanquished.

Vanquished Creatures (collateral kills)
  Rupert (D:15)
  An orc warlord (Orc:2)
  A minotaur (D:14)
  A dire elephant (D:15)
  The ghost of Soborki the Severer, a journeyman MiBe of Trog (Lair:5)
  2 boulder beetles
  A dancing weapon (D:14)
  2 two-headed ogres (D:11)
  A catoblepas (D:14)
  A tengu warrior (D:14)
  A death yak (D:14)
  2 orc knights
  2 wolf spiders
  A deep elf pyromancer (D:15)
  7 ugly things
  An oklob plant (D:11)
  An orc sorcerer (Orc:2)
  A salamander (D:15)
  3 manticores
  A cyclops (D:15)
  7 elephants
  A centaur zombie (D:13)
  2 black mambas (Lair:3)
  A torpor snail (Lair:5)
  3 merfolk sirens (Lair:2)
  3 rime drakes
  9 cane toads
  4 komodo dragons
  A freezing wraith (D:14)
  A tengu conjurer (D:14)
  2 yaktaurs (D:14)
  A troll (Orc:1)
  2 polar bears (Lair:5)
  A meliai (D:15)
  A hornet (Lair:2)
  19 blink frogs (Lair:5)
  A tyrant leech (Lair:5)
  A dream sheep (shapeshifter) (D:13)
  3 slime creatures (D:15)
  4 wyverns
  A water elemental (D:14)
  2 wraiths (D:14)
  4 basilisks
  20 yaks
  A warg (Orc:2)
  4 vampire mosquitoes (Lair:5)
  An acid dragon (D:11)
  5 water moccasins
  A swamp drake (D:10)
  7 orc warriors
  10 wolves
  5 bullfrogs (Lair:5)
  3 killer bees (D:15)
  A howler monkey (D:11)
  An electric eel (Lair:5)
  2 orc priests (Orc:2)
  2 orc wizards
  A hell rat (Lair:4)
  3 adders (Lair:2)
  5 gnolls (D:14)
  6 orcs
  An endoplasm (Lair:4)
  3 bushes (Lair:5)
  A fungus (Lair:3)
  A plant (Lair:2)
190 creatures vanquished.

Vanquished Creatures (others)
  A spectral hydra (Lair:5)
  A spectral goliath frog (Orc:2)
  An ugly thing zombie (D:14)
  A black mamba zombie (Lair:3)
  2 slime creature zombies (D:15)
  A two-headed ogre zombie (D:11)
  A human zombie (D:14)
  3 cane toad zombies
  A hornet zombie (Lair:2)
  A merfolk zombie (Lair:2)
  3 blink frog zombies (Lair:5)
  An elephant zombie (Lair:4)
  A hog zombie (D:12)
  2 vampire mosquito zombies (Lair:5)
  2 rime drake zombies (Lair:4)
  3 yaktaur zombies (D:14)
  4 wyvern zombies
  3 water moccasin zombies
  A warg zombie (Orc:2)
  3 yak zombies
  A tengu zombie (D:14)
  9 wolf zombies
  A centaur zombie (D:13)
  6 bullfrog zombies
  2 basilisk zombies
  4 killer bee zombies (D:15)
  3 hell rat zombies (Lair:4)
  A gnoll zombie (D:14)
  18 orc zombies
  96 fungi
  204 plants
  5 toadstools (D:13)
386 creatures vanquished.

Grand Total: 1086 creatures vanquished

Notes
Turn   | Place    | Note
-------+----------+-------------------------------------------
     0 | D:1      | Bnni the Formicid Fighter began the quest for the Orb.
     0 | D:1      | Reached XP level 1. HP: 18/18 MP: 1/1
   115 | D:1      | Reached XP level 2. HP: 21/24 MP: 2/2
   188 | D:1      | Noticed a great orb of eyes
   189 | D:1      | Found a faded altar of an unknown god.
   201 | D:1      | Noticed an eye of devastation
   211 | D:1      | Reached XP level 3. HP: 24/29 MP: 3/3
   233 | D:1      | Noticed a floating eye
   233 | D:1      | Noticed an eye of devastation
   758 | D:2      | Reached XP level 4. HP: 36/36 MP: 4/4
   798 | D:2      | Reached skill level 5 in Shields
   892 | D:2      | Reached skill level 3 in Polearms
  2145 | D:3      | Found Mepis's Magic Scroll Emporium.
  2166 | D:3      | Noticed Jessica
  2170 | D:3      | Killed Jessica
  2171 | D:3      | Reached XP level 5. HP: 42/42 MP: 5/5
  2711 | D:4      | Reached skill level 4 in Polearms
  2728 | D:4      | Found a burning altar of Makhleb.
  2832 | D:4      | Found a staircase to the Ecumenical Temple.
  2877 | Temple   | Entered the Ecumenical Temple
  3167 | D:4      | Found a white marble altar of Elyvilon.
  3198 | D:4      | Found a blossoming altar of Fedhas.
  3377 | D:5      | Entered Level 5 of the Dungeon
  3377 | D:5      | Noticed an ice beast
  3395 | D:5      | Killed an ice beast
  3396 | D:5      | Reached XP level 6. HP: 32/49 MP: 6/6
  3481 | D:5      | Reached skill level 5 in Polearms
  3547 | D:5      | Reached skill level 5 in Fighting
  3547 | D:5      | Reached XP level 7. HP: 47/56 MP: 7/7
  3670 | D:5      | Found a broken altar of Ashenzari.
  3778 | D:5      | Reached skill level 6 in Polearms
  4271 | D:5      | Reached XP level 8. HP: 61/64 MP: 8/8
  4349 | D:6      | Reached skill level 7 in Polearms
  4693 | D:6      | Found a bloodstained altar of Trog.
  4884 | D:6      | Reached skill level 8 in Polearms
  5287 | D:7      | Noticed Maggie
  5302 | D:7      | Killed Maggie
  5303 | D:7      | Reached XP level 9. HP: 46/72 MP: 9/9
  5309 | D:7      | Reached skill level 9 in Polearms
  6671 | D:8      | Reached skill level 10 in Polearms
  7006 | D:8      | Noticed Maurice
  7017 | D:8      | Killed Maurice
  7115 | D:8      | Reached XP level 10. HP: 82/82 MP: 10/10
  7209 | D:8      | Reached skill level 11 in Polearms
  8322 | D:9      | Found an iron altar of Okawaru.
  8468 | D:10     | Entered Level 10 of the Dungeon
  8528 | D:10     | Found a basalt altar of Yredelemnul.
  8554 | D:10     | Became a worshipper of Yredelemnul the Dark
  8627 | D:10     | Reached skill level 12 in Polearms
  8627 | D:10     | Reached skill level 1 in Invocations
  8636 | D:10     | Reached * piety under Yredelemnul
  8648 | D:10     | Reached ** piety under Yredelemnul
  8650 | D:10     | Reached skill level 10 in Fighting
  8671 | D:10     | Found a snail-covered altar of Cheibriados.
  8701 | D:10     | Found Idiciokits's Book Boutique.
  8816 | D:10     | Found a sparkling altar of Nemelex Xobeh.
  9011 | D:10     | Found a staircase to the Orcish Mines.
  9024 | D:10     | Reached *** piety under Yredelemnul
  9334 | D:11     | Reached XP level 11. HP: 89/91 MP: 13/13
  9420 | D:11     | Noticed a two-headed ogre
  9420 | D:11     | Noticed a brown ugly thing
  9429 | D:11     | Killed a brown ugly thing
  9432 | D:11     | Killed a two-headed ogre
  9628 | D:11     | Noticed a white ugly thing
  9628 | D:11     | Noticed a two-headed ogre
  9640 | D:11     | Killed a two-headed ogre
  9641 | D:11     | Reached skill level 13 in Polearms
  9656 | D:11     | Killed a white ugly thing
  9872 | D:11     | Reached skill level 5 in Invocations
  9990 | D:11     | Learned a level 3 spell: Vhi's Electric Charge
 10012 | D:11     | Noticed a boulder beetle
 10034 | D:11     | Killed a boulder beetle
 10397 | D:11     | Noticed an oklob plant
 10557 | D:11     | Found a staircase to the Lair.
 10985 | D:11     | Killed an oklob plant
 11258 | D:12     | Noticed Kirke
 11272 | D:12     | Killed Kirke
 11273 | D:12     | Reached skill level 14 in Polearms
 11273 | D:12     | Reached XP level 12. HP: 67/100 MP: 16/16
 12027 | D:12     | Found a hazy altar of Hepliaklqana.
 12027 | D:12     | Found a faded altar of an unknown god.
 12168 | D:13     | Noticed a five-headed hydra
 12175 | D:13     | Killed a one-headed hydra
 12224 | D:13     | Noticed a boulder beetle
 12234 | D:13     | Killed a boulder beetle
 12418 | D:13     | Noticed a centaur warrior
 12429 | D:13     | Killed a centaur warrior
 12429 | D:13     | Reached **** piety under Yredelemnul
 12557 | D:13     | Noticed a two-headed ogre
 12563 | D:13     | Killed a two-headed ogre
 12706 | D:13     | Noticed a boulder beetle
 12712 | D:13     | Noticed a boulder beetle
 12714 | D:13     | Killed a boulder beetle
 12714 | D:13     | Reached ***** piety under Yredelemnul
 12723 | D:13     | Killed a boulder beetle
 12724 | D:13     | Reached skill level 15 in Polearms
 12795 | D:13     | Reached ****** piety under Yredelemnul
 13351 | D:14     | Reached XP level 13. HP: 86/108 MP: 19/19
 13736 | D:14     | Found a gate to the Vaults.
 13757 | D:14     | Reached skill level 10 in Shields
 13879 | D:14     | Noticed a catoblepas
 13885 | D:14     | Killed a catoblepas
 13988 | D:14     | Noticed a seven-headed hydra
 13995 | D:14     | Killed an 11-headed hydra
 13995 | D:14     | Enslaved an 11-headed hydra
 14094 | D:14     | Noticed Josephine
 14104 | D:14     | Killed Josephine
 14105 | D:14     | Reached skill level 16 in Polearms
 14662 | D:14     | Reached skill level 10 in Invocations
 14670 | D:14     | Reached XP level 14. HP: 89/118 MP: 21/21
 15010 | D:14     | Noticed a minotaur
 15030 | D:14     | Killed a minotaur
 15133 | D:14     | Identified the +0 buckler of Supple Strength {Int+5}
 15145 | D:14     | Identified the +8 chain mail "Jomn" {rPois}
 15160 | D:14     | Noticed a minotaur
 15164 | D:14     | Your ally Josephine died
 15173 | D:14     | Killed a minotaur
 15611 | D:15     | Entered Level 15 of the Dungeon
 15648 | D:15     | Reached skill level 17 in Polearms
 15764 | D:15     | Noticed Rupert
 15773 | D:15     | Killed Rupert
 16438 | D:15     | Noticed a dire elephant
 16448 | D:15     | Killed a dire elephant
 16535 | D:15     | Found a staircase to the Depths.
 16776 | D:15     | Found a portal to a secret trove of treasure.
 16794 | D:15     | Identified a scroll of acquirement
 16795 | D:15     | Acquired a manual of Invocations
 16924 | D:10     | Bought a manual of Fighting for 880 gold pieces
 17378 | Lair:1   | Entered Level 1 of the Lair of Beasts
 17556 | Lair:1   | Reached XP level 15. HP: 124/127 MP: 24/24
 17725 | Lair:1   | Reached skill level 18 in Polearms
 18336 | Lair:2   | Reached skill level 15 in Fighting
 18363 | Lair:2   | Found a staircase to the Shoals.
 19303 | Lair:3   | Found a staircase to the Snake Pit.
 20520 | Lair:4   | Found a runed translucent door.
 20521 | Lair:4   | Found a viscous altar of Jiyva.
 20523 | Lair:4   | Found a staircase to the Slime Pits.
 20669 | Lair:4   | Reached skill level 5 in Armour
 20854 | Lair:4   | Reached XP level 16. HP: 138/138 MP: 26/26
 21127 | Lair:5   | Entered Level 5 of the Lair of Beasts
 21136 | Lair:5   | Reached skill level 19 in Polearms
 21312 | Lair:5   | Found a runed translucent door.
 21340 | Lair:5   | Noticed Soborki's ghost (journeyman MiBe)
 21366 | Lair:5   | Killed Soborki's ghost
 21542 | Lair:5   | Reached skill level 15 in Invocations
 22055 | Lair:5   | Acquired 1166 gold pieces
 22057 | Lair:5   | Acquired 753 gold pieces
 22059 | Lair:5   | Acquired 1324 gold pieces
 22163 | D:10     | Bought a book of Blood for 308 gold pieces
 22163 | D:10     | Bought a Necronomicon for 616 gold pieces
 22163 | D:10     | Bought Great Wizards, Vol. VII for 330 gold pieces
 22292 | D:3      | Bought a scroll of enchant armour for 105 gold pieces
 22294 | D:3      | Bought a scroll of identify for 28 gold pieces
 22294 | D:3      | Bought a scroll of identify for 28 gold pieces
 22294 | D:3      | Bought a scroll of identify for 28 gold pieces
 22463 | Orc:1    | Entered Level 1 of the Orcish Mines
 22752 | Orc:2    | Entered Level 2 of the Orcish Mines
 22832 | Orc:2    | Found Jipifuph's Antique Weapon Shop.
 22931 | Orc:2    | Noticed Snorg
 22960 | Orc:2    | HP: 4/141 [sixfirhy[an orc high priest] (9)]
 22960 | Orc:2    | Killed from afar by an orc high priest

Illustrated notes

Levels and vault maps discovered:
D:1:      spicycebolla_arrival_xxxplode, layout_basic,
          hellmonk_ecumenical_altar_watching_god, minmay_tripent
D:2:      layout_basic, lemuel_flame_loot_1
D:3:      layout_loops_ring, serial_shops, shop_fountains, uniq_jessica
D:4:      layout_cave_pools, mainiacjoe_overflow_six_doors_small,
          old_standard_altar, mainiacjoe_overflow_concentric_impassable,
          minmay_temple_entry_waves
D:5:      layout_loops_corners, mainiacjoe_overflow_surrounded_room
D:6:      layout_loops_ring, mainiacjoe_overflow_chevrons, minivault_4
D:7:      layout_layer_cave, uniq_maggie
D:8:      minmay_octagon_keep, layout_basic, uniq_maurice
D:9:      layout_loops_corners, okawaru_altar_gauntlet_db
D:10:     layout_basic, mainiacjoe_overflow_24_doors, lemuel_tele_altar,
          general_overflow_altar, erik_orc_1, serial_shops, nicolae_shop_stone,
          amethyst_killhole
D:11:     layout_layer_cave, dpeg_oklobed_lair
D:12:     layout_small_grid, beargit_hepliaklqana_dungeon_heroes, uniq_kirke
D:13:     layout_grid_maze, minmay_gold_behind_fungi
D:14:     fort_yaktaur, layout_irregular_city, erik_vaults_1,
          minmay_misc_feat_x, uniq_josephine
D:15:     hangedman_depths_entry_try_elsewhere_first, layout_cave_pods,
          special_room [special_room_bee], nicolae_trove_entry_free_sample,
          chequers_serial_rivers_micro_e, uniq_rupert
Temple:   compressed_dpeg_triangle_lava_temple
Lair:1:   layout_cave_pods
Lair:2:   minmay_lair_venomous_thicket, layout_regular_city,
          elwin_shoals_entry_stream, serial_bayou_crossing,
          infiniplex_staircase_pool_2, serial_bayou_shore_a, grunt_megastairs_1
Lair:3:   layout_regular_city, minmay_snake_entry_six_corridors, st_stairs_6,
          serial_bayou_ford_a, nicolae_lair_run_with_the_wolves
Lair:4:   layout_hall_layers, slime_entry_2, special_room
          [special_room_mythical_zoo], chequers_serial_rivers_micro_b
Lair:5:   minmay_lair_end_frog_pond, layout_misc_corridors,
          ebering_ghost_reflecting_pool, lemuel_fruit_tree, serial_bayou_shore_b
Orc:1:    layout_diamond_mine, uniq_erolcha
Orc:2:    grunt_orc_gardens, layout_caves, grunt_orc_garden, grunt_orc_garden,
          grunt_orc_garden, grunt_orc_garden, basic_altar, minmay_orc_temple_a,
          uniq_snorg

Skill      XL: |  1  2  3  4  5  6  7  8  9 10 11 12 13 14 15 16 |
---------------+-------------------------------------------------+-----
Shields        | 5 8 10 11 12 | 12.9
Polearms       | 3 4 5 6 8 10 12 14 15 16 17 18 19 | 19.5
Fighting       | 4 5 7 8 10 11 12 13 14 16 17 | 17.0
Invocations    | 3 6 8 10 12 14 15 | 15.4
Armour         | 5 6 |  6.5

Action                   |  1- 3 |  4- 6 |  7- 9 | 10-12 | 13-15 | 16-18 || total
-------------------------+-------+-------+-------+-------+-------+-------++-------
Melee: Trident           |    87 |    38 |       |       |       |       ||   125
       Spear             |       |    71 |   294 |   276 |       |       ||   641
       Halberd           |       |       |       |   129 |   473 |       ||   602
       Bardiche          |       |       |       |       |    79 |   159 ||   238
Throw: Dart              |       |       |       |     4 |     1 |       ||     5
       Javelin           |       |       |       |     1 |       |       ||     1
       Throwing net      |       |       |       |       |     1 |       ||     1
Invok: Recall Undead Har |       |       |       |     4 |     7 |     9 ||    20
       Bind Soul         |       |       |       |     1 |     1 |     1 ||     3
       Drain Life        |       |       |       |       |     5 |     1 ||     6
       Dark Bargain      |       |       |       |       |     1 |     1 ||     2
 Abil: Dig               |     1 |       |     1 |       |       |       ||     2
  Use: Scroll            |       |       |    10 |     7 |    15 |     7 ||    39
       Potion            |       |       |       |     3 |       |     2 ||     5
 Stab: Confused          |       |       |       |     2 |       |       ||     2
       Invisible         |       |       |       |     1 |       |       ||     1
       Distracted        |       |       |       |     1 |    16 |     3 ||    20
Armor: Scale mail        |    38 |    33 |    31 |    12 |       |       ||   114
       Ring mail         |       |     5 |     9 |       |       |       ||    14
       Plate armour      |       |       |       |    16 |       |       ||    16
       Chain mail        |       |       |       |    22 |   140 |    41 ||   203
Dodge: Dodged            |    39 |    42 |    68 |    80 |    79 |     7 ||   315
Block: Buckler           |    25 |    16 |    28 |    40 |       |       ||   109
       Kite shield       |       |       |       |    20 |   152 |    54 ||   226

Table legend: (Time is in decaauts)
 A = Elapsed time spent in this place.
 B = Non-inter-level travel time spent in this place.
 C = Inter-level travel time spent in this place.
 D = Time resting spent in this place.
 E = Time spent auto-exploring this place.
 F = Levels seen in this place.
 G = Mean time per level.
                   A        B        C        D        E       F      G
               +--------+--------+--------+--------+--------+-----+--------+
         Total |  22698 |  21422 |   1276 |   2390 |  15596 |  23 |  986.9 |
       Dungeon |  17220 |  16148 |   1072 |   2203 |  11562 |  15 | 1148.0 |
        Temple |    221 |    211 |     10 |      0 |    198 |   1 |  221.0 |
          Lair |   4759 |   4585 |    174 |    187 |   3483 |   5 |  951.8 |
  Orcish Mines |    497 |    479 |     18 |      0 |    353 |   2 |  248.5 |
               +--------+--------+--------+--------+--------+-----+--------+

Top non-repeatable levels by time:
    D:14: 2302 daAuts
    D:11: 1846 daAuts
    D:15: 1502 daAuts
     D:2: 1469 daAuts
     D:7: 1325 daAuts
  Lair:3: 1173 daAuts
    D:13: 1168 daAuts
    D:12: 1160 daAuts
     D:9: 1045 daAuts
     D:5: 993 daAuts
  Lair:5: 960 daAuts
     D:6: 959 daAuts
  Lair:4: 883 daAuts
  Lair:1: 874 daAuts
  Lair:2: 868 daAuts
